Unix NetHack Version 3.7.0-86 Work-in-progress - last build May 30 2023 01:50:43 (cc98dc9aa62a9957b082a042edf5bd7ec9f632c7,branch:master). Game began 2023-06-08 12:18:52, ended 2023-06-08 12:21:54. Raisse, neutral female gnomish Wizard ------- --.-------- ----- ---------------- |.....| #..........| |...-# #...............| |.....| #|....<....| |...| ####|...............#### #%.....| #|.........| |....## |..............| ###-----.- ###------.---- ----- ---------------- ########################## # ## # ## # ### # # ### # # # ###### #### # # ---.------- ------## -.-.-|------ # |..Z....... |....|# |..........| # |..G......| |....|# |...........### |..f......| |.....# |..........| |.......... ------ ------------ ----------- Raisse the Conjurer St:13 Dx:13 Co:12 In:19 Wi:10 Ch:12 Neutral Dlvl:3 $:17 HP:0(23) Pw:25(28) AC:9 Xp:3/44 T:855 Latest messages: You can see again. What do you want to eat? [py or ?*] y This meatball is delicious! What do you want to eat? [py or ?*] y This meatball is delicious! What do you want to eat? [py or ?*] y This meatball is delicious! What do you want to eat? [py or ?*] y This meatball is delicious! You swap places with Poes. You hear someone counting gold coins. You hit the lichen. Poes bites the lichen. You kill the lichen! You swap places with Poes. You swap places with Poes. You swap places with Poes. You swap places with Poes. You swap places with Poes. The lichen touches you! You miss the lichen. Poes misses the lichen. You miss the lichen. Poes bites the lichen. The lichen is killed! U - a lichen corpse. V - a copper spellbook. What do you want to read? [i-moqV or ?*] v That is a silly thing to read. What do you want to eat? [pyU or ?*] Never mind. What do you want to read? [i-moqV or ?*] V This spellbook is difficult to comprehend. Continue? [yn] (n) y These runes were just too much to comprehend. Poes bites the orc zombie. The orc zombie misses Poes. Poes misses the orc zombie. The orc zombie hits! Poes bites the orc zombie. The orc zombie misses Poes. Poes bites the orc zombie. The orc zombie is destroyed! The orc zombie hits! The orc zombie hits! You feel less confused now. The orc zombie hits! The orc zombie hits! The orc zombie hits! You die... Do you want your possessions identified? [ynq] (y) q Inventory: Coins $ - 17 gold pieces Weapons a - a blessed +0 dagger (weapon in hand) s - an uncursed +0 spear t - a blessed +1 quarterstaff w - a blessed +1 orcish dagger Armor u - an uncursed +0 elven mithril-coat C - an uncursed +0 cloak of magic resistance (being worn) Comestibles p - an uncursed lembas wafer y - 20 uncursed meatballs U - an uncursed lichen corpse Scrolls i - a blessed scroll of scare monster j - an uncursed scroll of light k - an uncursed scroll of identify o - an uncursed scroll of enchant weapon Spellbooks l - a blessed spellbook of force bolt m - an uncursed spellbook of sleep q - an uncursed spellbook of stone to flesh V - an uncursed spellbook of dig Potions f - an uncursed potion of booze g - an uncursed potion of water h - an uncursed potion of restore ability v - an uncursed potion of healing z - a cursed potion of gain energy Rings d - an uncursed ring of free action e - a blessed +1 ring of adornment r - an uncursed ring of searching Wands c - an uncursed wand of probing (0:7) Tools n - an uncursed magic marker (0:81) Raisse the Wizard's attributes: Background: You were a Conjurer, a level 3 female gnomish Wizard. You were neutral, on a mission for Thoth who was opposed by Ptah (lawful) and Anhur (chaotic). You were in the Dungeons of Doom, on level 3. You entered the dungeon 855 turns ago. You had 44 experience points, 36 more were needed to attain level 4. Basics: You had 0 out of 23 hit points. You had 25 out of 28 energy points (spell power). Your armor class was 9. Your wallet contained 17 zorkmids. Autopickup was on for '$!?/"=+' plus thrown, with exceptions. Final Characteristics: Your strength was 13 (limit:18/50). Your dexterity was 13 (limit:18). Your constitution was 12 (limit:18). Your intelligence was 19 (limit:19). Your wisdom was 10 (limit:18). Your charisma was 12 (limit:18). Final Status: You were not hungry. You were unencumbered. You were wielding a dagger. You were unskilled in dagger. Final Attributes: You were fervently aligned. You were magic-protected. You had infravision. You were warded. You are dead. Miscellaneous: You never encountered a bones level. Total elapsed playing time was 3 minutes and 1 second. Major events: Turn 1: Raisse the neutral female gnomish Wizard entered the dungeon 725: attained the rank of Conjurer (level 3) 855: killed by an orc zombie, while reading a book Vanquished creatures: an orc zombie a hobbit a large kobold a gecko a fox a kobold a goblin 3 sewer rats 2 grid bugs 4 lichens a kobold zombie 2 newts 19 creatures vanquished. No species were genocided or became extinct. Voluntary challenges: You were an atheist. You read items or engraved 2 times. You never engraved Elbereth. You never genocided any monsters. You never polymorphed an object. You never changed form. You used no wishes. Achievement: You attained the rank of Conjurer. The Dungeons of Doom: levels 1 to 3 Level 1: A sink. Level 2: A fountain. Level 3: <- You were here. Final resting place for you, killed by an orc zombie, while reading a book. Game over: ---------- / \ / REST \ / IN \ / PEACE \ / \ | Raisse | | 17 Au | | killed by an orc | | zombie | | | | | | 2023 | *| * * * | * _________)/\\_//(\/(/\)/\//\/|_)_______ Goodbye Raisse the Wizard... You died in The Dungeons of Doom on dungeon level 3 with 292 points, and 17 pieces of gold, after 855 moves. You were level 3 with a maximum of 23 hit points when you died.